[Event "Titled Tuesday Blitz January 31 Early 2023"]
[White "Leiva, Gianmarco"]
[Black "Pavlidou, Ekaterini"]
[WhiteFideId "3804399"]
[BlackFideId "4213262"]
[WhiteElo "2392"]
[BlackElo "2088"]
[Result "1-0"]
[Round "01"]
[TimeControl "180+2"]
[Date "2023.01.31"]
[WhiteClock "0:00:05"]
[BlackClock "0:00:11"]

1. e4 c5 2. Nf3 e6 3. d4 cxd4 4. Nxd4 Nf6 5. Nc3 Nc6 6. Be3 Bb4 7. f3 d5 8. a3 Bxc3+ 9. bxc3 dxe4 10. Nxc6 Qxd1+ 11. Rxd1 bxc6 12. Bc5 exf3 13. gxf3 a5 14. Rg1 Nd7 15. Bd6 Rg8 16. Bd3 g6 17. Be4 Bb7 18. Rb1 O-O-O 19. c4 f5 20. Bd3 c5 21. Kf2 e5 22. Rb5 e4 23. Rgb1 Nf6 24. Rxc5+ Kd7 25. Be5 Bc6 26. Bxf6 Rdf8 27. Be5 exd3 28. cxd3 g5 29. d4 Re8 30. Rb6 Rc8 31. Rxa5 Ra8 32. Rxa8 Rxa8 33. d5 Ba4 34. Rh6 Bb3 35. Rxh7+ Kc8 36. Ke3 Rxa3 37. Kd4 Bc2 38. Rc7+ Kd8 39. Rb7 Rxf3 40. c5 Rd3+ 41. Kc4 Re3 42. Bf6+ Ke8 43. c6 f4 44. Bxg5 Re4+ 45. Kc5 f3 46. c7 Kd7 47. d6 Re5+ 48. Kd4 Rxg5 49. Rb8 Rg4+ 50. Kc3 Rg8 51. Rxg8 Kxd6 52. c8=Q Ke5 53. Re8+ Kf4 54. Kxc2 f2 55. Rf8+ Ke3 56. Qf5 Ke2 57. Qxf2# 1-0


[Site "https://www.chess.com"]

[Event "Titled Tuesday Blitz January 31 Early 2023"]
[White "Sliwicki, Damian"]
[Black "Hernandez Gonzalez, William"]
[WhiteFideId "1127128"]
[BlackFideId "3509915"]
[WhiteElo "2158"]
[BlackElo "2489"]
[Result "1-0"]
[Round "01"]
[TimeControl "180+2"]
[Date "2023.01.31"]
[WhiteClock "0:02:15"]
[BlackClock "0:01:59"]

1. e4 c5 2. Nf3 Nc6 3. Bb5 e6 4. O-O Nge7 5. Re1 a6 6. Bf1 b5 7. c3 d5 8. exd5 Nxd5 9. d4 Bb7 10. Bg5 Qd7 11. a4 bxa4 12. c4 Nc7 13. d5 Nd4 14. Ne5 Qd6 15. Qxa4+ 1-0


[Site "https://www.chess.com"]

[Event "Titled Tuesday Blitz January 31 Early 2023"]
[White "Orujov, Elshad"]
[Black "Volkov, Maksim"]
[WhiteFideId "13403540"]
[BlackFideId "54123070"]
[WhiteElo "2304"]
[BlackElo "2258"]
[Result "0-1"]
[Round "01"]
[TimeControl "180+2"]
[Date "2023.01.31"]
[WhiteClock "0:00:03"]
[BlackClock "0:01:06"]

1. e4 c5 2. Nf3 d6 3. d4 cxd4 4. Nxd4 Nf6 5. Nc3 a6 6. h3 e5 7. Nde2 h5 8. Bg5 Be6 9. Bxf6 Qxf6 10. Nd5 Qd8 11. Nec3 Nd7 12. Bc4 Rc8 13. Bb3 g6 14. O-O Nc5 15. Qe2 Bg7 16. Rad1 O-O 17. Kh1 Bd7 18. Ne3 Bc6 19. Nc4 Qh4 20. Nxd6 Rcd8 21. Nxf7 Rxd1 22. Rxd1 Nxb3 23. Nxe5 Bxe5 24. axb3 Rxf2 25. Qc4+ Kg7 26. Qd3 Rf7 27. Nd5 Qg5 28. c4 Rf2 29. Ne3 Qg3 30. Kg1 Rxg2+ 31. Nxg2 Qh2+ 32. Kf2 h4 33. Qf3 Bg3+ 34. Ke2 Qxh3 35. Rd4 Qe6 36. Rd3 Bxe4 37. Qe3 Bxd3+ 38. Kxd3 Qxe3+ 39. Kxe3 h3 40. Kf3 hxg2 41. Kxg2 Be5 42. Kf3 Bxb2 0-1


[Site "https://www.chess.com"]

[Event "Titled Tuesday Blitz January 31 Early 2023"]
[White "Goldin, Roman"]
[Black "Alex_Sahakyan2006"]
[WhiteFideId "2803860"]
[WhiteElo "2322"]
[BlackElo "2661"]
[Result "0-1"]
[Round "01"]
[TimeControl "180+2"]
[Date "2023.01.31"]
[WhiteClock "0:00:01"]
[BlackClock "0:00:33"]

1. Nf3 g6 2. d4 Bg7 3. e4 c6 4. c4 d6 5. Nc3 Bg4 6. Be2 Nd7 7. Be3 Ngf6 8. O-O O-O 9. h3 Bxf3 10. Bxf3 e5 11. g3 Qe7 12. Bg2 a5 13. Qd2 Rad8 14. Rad1 exd4 15. Bxd4 Nc5 16. Rfe1 Nh5 17. Bxg7 Nxg7 18. f4 Rfe8 19. Qf2 Nge6 20. Rd2 Rd7 21. Rde2 Qf6 22. Rd1 Red8 23. Red2 a4 24. Qe3 Kg7 25. a3 Nb3 26. Rxd6 Rxd6 27. Rxd6 Rxd6 28. e5 Qd8 29. exd6 Qxd6 30. Nxa4 Qd1+ 31. Kh2 Nbd4 32. Nc3 Qc2 33. g4 Qxb2 34. f5 gxf5 35. gxf5 Nxf5 36. Qe5+ Kg6 37. Kg1 Qc1+ 38. Kh2 Qf4+ 39. Qxf4 Nxf4 0-1


[Site "https://www.chess.com"]

[Event "Titled Tuesday Blitz January 31 Early 2023"]
[White "Schut, Han"]
[Black "Florescu, Codrut-Constantin"]
[WhiteFideId "1005561"]
[BlackFideId "1202200"]
[WhiteElo "2101"]
[BlackElo "2259"]
[Result "0-1"]
[Round "01"]
[TimeControl "180+2"]
[Date "2023.01.31"]
[WhiteClock "0:00:09"]
[BlackClock "0:01:17"]

1. e4 c5 2. Nf3 e6 3. c4 Nc6 4. Nc3 Nf6 5. Be2 b6 6. O-O Bb7 7. Re1 Qb8 8. d4 cxd4 9. Nxd4 Nxd4 10. Qxd4 Bc5 11. Qd3 h5 12. g3 Ng4 13. Bxg4 hxg4 14. Bf4 d6 15. a3 a5 16. Nb5 e5 17. Be3 Ke7 18. Rad1 Rd8 19. Bxc5 bxc5 20. Qe3 f6 21. Rd2 Ra6 22. Red1 Qc8 23. Nc3 Rb6 24. Na4 Ra6 25. Nc3 Qe6 26. Qe2 Bc6 27. Rd3 Rb6 28. R3d2 g6 29. Kg2 f5 30. Kf1 f4 31. Nd5+ Bxd5 32. exd5 Qf5 33. gxf4 Qxf4 34. Kg2 Rf8 35. Rh1 Rb3 36. Kg1 Rh3 37. Kg2 Rfh8 38. Kg1 Rxh2 39. Rxh2 Qxh2+ 40. Kf1 Qh1# 0-1


[Site "https://www.chess.com"]

[Event "Titled Tuesday Blitz January 31 Early 2023"]
[White "Alfaro, William"]
[Black "Begmuratov, Alisher"]
[WhiteFideId "6100457"]
[BlackFideId "14203367"]
[WhiteElo "2134"]
[BlackElo "2395"]
[Result "1-0"]
[Round "01"]
[TimeControl "180+2"]
[Date "2023.01.31"]
[WhiteClock "0:00:36"]
[BlackClock "0:00:54"]

1. Nf3 Nf6 2. g3 g6 3. Bg2 Bg7 4. O-O O-O 5. d3 c5 6. e4 d5 7. Qe2 dxe4 8. dxe4 Nc6 9. c3 Bg4 10. h3 Bxf3 11. Qxf3 Ne5 12. Qe2 Qd3 13. Re1 Qxe2 14. Rxe2 Rfd8 15. Be3 Rd1+ 16. Kh2 Nd3 17. Bf3 Rd8 18. Rc2 Re1 19. Bd2 Ne5 20. Kg2 Nxf3 21. Kxf3 Rxe4 22. Na3 Re6 23. b4 cxb4 24. cxb4 Ne4 25. Rd1 Rd3+ 26. Kg2 Nxd2 27. Rcxd2 Rxa3 28. Rd8+ Bf8 29. Rb8 Rd6 30. Rc1 Rxa2 31. Rcc8 Rdd2 32. Rxf8+ Kg7 33. Rg8+ Kf6 34. Kf3 Rxf2+ 35. Ke4 a5 36. bxa5 Rxa5 37. Rxb7 Re5+ 38. Kd4 Rf3 39. Rf8 Re6 40. Rh8 h5 41. g4 hxg4 42. hxg4 Rf4+ 43. Kd3 Rxg4 44. Rb5 Rf4 45. Rh3 Re5 46. Rb6+ e6 47. Rg3 Ref5 48. Ke3 g5 49. Rb1 g4 50. Rbg1 Rf3+ 51. Ke2 Rxg3 52. Rxg3 Kg5 53. Ke3 Rf2 54. Kxf2 f5 55. Ra3 e5 56. Ra8 e4 57. Rg8+ Kf4 58. Kg2 e3 59. Re8 g3 60. Re7 Kg4 61. Rxe3 f4 62. Re4 Kf5 63. Kf3 Kg5 64. Rxf4 g2 65. Rg4+ 1-0


[Site "https://www.chess.com"]

[Event "Titled Tuesday Blitz January 31 Early 2023"]
[White "Tatarinov, Dmitry"]
[Black "Shtompel, Yuriy"]
[WhiteFideId "24160067"]
[BlackFideId "14168278"]
[WhiteElo "2310"]
[BlackElo "1938"]
[Result "0-1"]
[Round "01"]
[TimeControl "180+2"]
[Date "2023.01.31"]
[WhiteClock "0:02:38"]
[BlackClock "0:02:27"]

1. e4 c5 2. Nf3 d6 3. d4 cxd4 4. Nxd4 Nf6 5. Nc3 a6 6. f3 e5 7. Nb3 Be6 8. Qe2 Nbd7 9. Be3 h5 10. O-O-O Rc8 11. Kb1 Qc7 12. Qf2 b5 13. g3 Be7 14. h3 b4 15. Nd5 Nxd5 16. exd5 Bf5 17. Bd3 Bxd3 18. Rxd3 a5 19. Nd2 Qxc2+ 0-1


[Site "https://www.chess.com"]

[Event "Titled Tuesday Blitz January 31 Early 2023"]
[White "Abdilkhair, Abilmansur"]
[Black "Atakhan, Abtin"]
[WhiteFideId "13716417"]
[BlackFideId "22502203"]
[WhiteElo "2268"]
[BlackElo "2422"]
[Result "0-1"]
[Round "01"]
[TimeControl "180+2"]
[Date "2023.01.31"]
[WhiteClock "0:00:03"]
[BlackClock "0:01:36"]

1. e4 c5 2. Nf3 d6 3. Bb5+ Nd7 4. d4 cxd4 5. Qxd4 a6 6. Bxd7+ Bxd7 7. Nc3 Nf6 8. O-O e6 9. Bg5 Be7 10. Rad1 Bc6 11. e5 Bxf3 12. gxf3 dxe5 13. Qa4+ Nd7 14. Bxe7 Qxe7 15. Ne4 O-O-O 16. Nd6+ Kb8 17. Qb4 Nf6 18. Rd3 Nd5 19. Qb3 Rxd6 20. Rfd1 Rhd8 21. Qa3 0-1


[Site "https://www.chess.com"]

[Event "Titled Tuesday Blitz January 31 Early 2023"]
[White "Onslow, Alfie"]
[Black "Han, Yichen"]
[WhiteFideId "436976"]
[BlackFideId "1054430"]
[WhiteElo "2157"]
[BlackElo "2413"]
[Result "0-1"]
[Round "01"]
[TimeControl "180+2"]
[Date "2023.01.31"]
[WhiteClock "0:00:04"]
[BlackClock "0:00:07"]

1. e4 c6 2. Nf3 d5 3. exd5 cxd5 4. Ne5 Nc6 5. d4 Nf6 6. Bb5 Bd7 7. Nxd7 Qxd7 8. c3 a6 9. Bd3 Qe6+ 10. Be3 Ng4 11. Qf3 Nxe3 12. fxe3 Qd7 13. O-O e6 14. Nd2 f5 15. g4 g6 16. c4 Nb4 17. Bb1 dxc4 18. Nxc4 Qd5 19. Qxd5 Nxd5 20. gxf5 gxf5 21. e4 fxe4 22. Bxe4 Bg7 23. Bxd5 Bxd4+ 24. Kh1 exd5 25. Rae1+ Kd8 26. Nd6 Kc7 27. Nf5 Bxb2 28. Re7+ Kc6 29. Rb1 Raf8 30. Rxb2 Rxf5 31. Rbxb7 Rg8 32. Rbc7+ Kd6 33. Rcd7+ Kc5 34. h3 Rf1+ 35. Kh2 Rf2+ 36. Kh1 Rb8 37. Rc7+ Kd4 38. Rc1 Rbb2 39. Rd1+ Kc5 40. Rc1+ Kd6 41. Rxh7 Rh2+ 42. Kg1 Rbg2+ 43. Kf1 Rxa2 44. Rh6+ Ke5 45. Kg1 Rag2+ 46. Kf1 Ra2 47. Kg1 d4 48. Re1+ Kd5 49. Rh5+ Kc4 50. Rc1+ Kd3 51. Rd1+ Rad2 52. Rxd2+ Rxd2 53. Rg5 Ke3 54. h4 Rb2 55. h5 d3 56. h6 d2 57. Rg3+ Kf4 58. Rg2 d1=Q+ 59. Kh2 Qh5+ 60. Kg1 Rxg2+ 61. Kxg2 Qf3+ 62. Kg1 Kg3 0-1


[Site "https://www.chess.com"]

[Event "Titled Tuesday Blitz January 31 Early 2023"]
[White "Mejia, Cherry Ann"]
[Black "Karthik Rajaa"]
[WhiteFideId "5206880"]
[BlackFideId "25035215"]
[WhiteElo "1935"]
[BlackElo "2276"]
[Result "0-1"]
[Round "01"]
[TimeControl "180+2"]
[Date "2023.01.31"]
[WhiteClock "0:00:01"]
[BlackClock "0:00:16"]

1. e4 c6 2. d4 d5 3. Nd2 dxe4 4. Nxe4 Nd7 5. Nf3 Ngf6 6. Nxf6+ Nxf6 7. Be2 Bg4 8. O-O e6 9. h3 Bh5 10. c4 Be7 11. Be3 O-O 12. Qc2 Qc7 13. Rfd1 Rfd8 14. Ne5 Bxe2 15. Qxe2 Nd7 16. f4 Nf8 17. Qf3 Bd6 18. Qe4 Ng6 19. Nd3 Be7 20. Rf1 Nh4 21. g4 Re8 22. Bf2 Ng6 23. f5 exf5 24. gxf5 Bf6 25. Qg4 Nf8 26. Ne5 c5 27. Rae1 Rad8 28. Bg3 Rxd4 29. Re4 Rxe4 30. Qxe4 Rxe5 31. Bxe5 Qxe5 32. Qxe5 Bxe5 33. b3 f6 34. Rd1 Bd4+ 35. Kg2 Kf7 36. Kf3 Nd7 37. Ke4 Ke7 38. Kd5 Nb6+ 39. Ke4 Kf7 40. h4 g6 41. h5 Nc8 42. hxg6+ hxg6 43. fxg6+ Kxg6 44. Rg1+ Kf7 45. Rh1 Ne7 46. Rh8 Ke6 47. Rb8 b6 48. Rb7 Nc6 49. a3 Be5 50. b4 f5+ 51. Kf3 cxb4 52. axb4 Nxb4 53. Rxa7 Nc6 54. Rb7 Bd4 55. Kf4 Bc5 56. Kf3 Ne5+ 0-1


[Site "https://www.chess.com"]

[Event "Titled Tuesday Blitz January 31 Early 2023"]
[White "Lopez Del Alamo, Antonio"]
[Black "Taspinar, Yanki"]
[WhiteFideId "2227339"]
[BlackFideId "34561188"]
[WhiteElo "2280"]
[BlackElo "2262"]
[Result "0-1"]
[Round "01"]
[TimeControl "180+2"]
[Date "2023.01.31"]
[WhiteClock "0:00:55"]
[BlackClock "0:00:21"]

1. e4 e6 2. d3 d5 3. Nd2 c5 4. Ngf3 Nc6 5. g3 Nf6 6. Bg2 Be7 7. O-O Qc7 8. Re1 O-O 9. e5 Nd7 10. Qe2 b5 11. Nf1 a5 12. h4 c4 13. d4 b4 14. Bf4 Ba6 15. c3 a4 16. a3 bxa3 17. bxa3 Rab8 18. N1h2 Rb3 19. Bd2 Rxa3 20. Rxa3 Bxa3 21. Ra1 Be7 22. Rxa4 Qb7 23. Bh3 Bb5 24. Ra1 Ra8 25. Rxa8+ Qxa8 26. Ng5 Nf8 27. Qh5 Bxg5 28. hxg5 Qa1+ 29. Kg2 Qb2 30. Be1 Qb1 31. Qe2 Ba4 32. Qd2 Bc2 33. Ng4 Bf5 34. Ne3 Qe4+ 35. Kh2 Bxh3 36. Kxh3 Qh1+ 37. Kg4 Na5 38. Kf4 Ng6+ 39. Kg4 Nb3 40. Qc1 Nxc1 0-1


[Site "https://www.chess.com"]

[Event "Titled Tuesday Blitz January 31 Early 2023"]
[White "Carnicelli, Valerio"]
[Black "Pace, Christopher"]
[WhiteFideId "856185"]
[BlackFideId "2610167"]
[WhiteElo "2370"]
[BlackElo "2053"]
[Result "1-0"]
[Round "01"]
[TimeControl "180+2"]
[Date "2023.01.31"]
[WhiteClock "0:01:38"]
[BlackClock "0:00:23"]

1. Nf3 Nf6 2. g3 g6 3. Bg2 Bg7 4. O-O O-O 5. d4 d6 6. b3 c5 7. Bb2 cxd4 8. Nxd4 Qb6 9. c4 Nc6 10. Nxc6 bxc6 11. Qd4 c5 12. Qd2 Bb7 13. Bxb7 Qxb7 14. Nc3 Ne4 15. Nxe4 Qxe4 16. Bxg7 Kxg7 17. f3 Qc6 18. e4 a5 19. f4 Qxe4 20. Rae1 Qb7 21. f5 Kg8 22. Rxe7 Qxe7 23. f6 Qe5 24. Qh6 Qd4+ 25. Rf2 1-0


[Site "https://www.chess.com"]

[Event "Titled Tuesday Blitz January 31 Early 2023"]
[White "Kvaloy, Aksel Bu"]
[Black "Liimatainen, Jero"]
[WhiteFideId "1528815"]
[BlackFideId "509531"]
[WhiteElo "2321"]
[BlackElo "1948"]
[Result "0-1"]
[Round "01"]
[TimeControl "180+2"]
[Date "2023.01.31"]
[WhiteClock "0:00:59"]
[BlackClock "0:00:18"]

1. d4 Nf6 2. c4 e6 3. g3 d5 4. Nf3 Be7 5. Bg2 O-O 6. O-O c6 7. Qc2 b6 8. Nbd2 Bb7 9. e4 Na6 10. a3 c5 11. dxc5 dxe4 12. Ng5 Nxc5 13. b4 Nd3 14. Ndxe4 Nxe4 15. Nxe4 Nxc1 16. Raxc1 Qc7 17. Rfd1 Rfd8 18. Qb3 Rac8 19. Rxd8+ Qxd8 20. h4 h6 21. Qe3 a5 22. c5 axb4 23. axb4 Bxe4 24. Bxe4 bxc5 25. bxc5 g5 26. h5 g4 27. Qxh6 Bg5 28. Bh7+ Kh8 29. Bg6+ Bxh6 30. Bxf7 Bxc1 31. Bxe6 Qe7 32. Bxg4 Rxc5 33. Kg2 Rg5 34. Bf3 Qe1 35. h6 Be3 36. fxe3 Qxe3 37. Bb7 Qxg3+ 38. Kf1 Rf5+ 39. Ke2 Rf2+ 40. Ke1 Qg1# 0-1


[Site "https://www.chess.com"]

[Event "Titled Tuesday Blitz January 31 Early 2023"]
[White "Koridze, Lile"]
[Black "Aloma Vidal, Robert"]
[WhiteFideId "13612514"]
[BlackFideId "2260409"]
[WhiteElo "2191"]
[BlackElo "2442"]
[Result "0-1"]
[Round "01"]
[TimeControl "180+2"]
[Date "2023.01.31"]
[WhiteClock "0:01:14"]
[BlackClock "0:00:41"]

1. d4 d5 2. c4 c6 3. Nf3 Nf6 4. e3 e6 5. Bd3 Nbd7 6. O-O b6 7. Nbd2 Bb7 8. Qe2 Be7 9. b3 O-O 10. Bb2 c5 11. e4 dxe4 12. Nxe4 cxd4 13. Nxd4 Nc5 14. Nxc5 bxc5 15. Nf3 Qc7 16. Rad1 Rad8 17. Bc2 Rxd1 18. Rxd1 Rd8 19. h3 h6 20. Rxd8+ Qxd8 21. Ne5 Nd7 22. Qg4 Nxe5 23. Bxe5 Bf6 24. Bxf6 Qxf6 25. Qd1 Qg5 26. f3 g6 27. Qe2 Qc1+ 28. Kh2 Qf4+ 29. Kg1 Qd4+ 30. Kh2 Qb2 31. Bd3 Qa1 32. Qf2 Qe5+ 33. Qg3 Qxg3+ 34. Kxg3 g5 35. h4 Kg7 36. hxg5 hxg5 37. Kf2 f5 38. g3 f4 39. gxf4 gxf4 40. Ke2 Kf6 41. Bc2 Ke5 42. Bd1 Kd4 43. Kd2 e5 44. Be2 a5 45. a3 Bc6 46. a4 Bd7 47. Bd1 Be6 48. Be2 Bf5 49. Bd1 Bd3 50. Bc2 Bxc2 51. Kxc2 e4 52. fxe4 Kxe4 53. Kd2 Kd4 54. Ke2 Kc3 55. Kf3 Kxb3 56. Kxf4 Kxc4 0-1


[Site "https://www.chess.com"]

[Event "Titled Tuesday Blitz January 31 Early 2023"]
[White "Manon-og, Ramon Jr."]
[Black "Seemann, Jakub"]
[WhiteFideId "5200776"]
[BlackFideId "21874697"]
[WhiteElo "1999"]
[BlackElo "2446"]
[Result "1-0"]
[Round "01"]
[TimeControl "180+2"]
[Date "2023.01.31"]
[WhiteClock "0:01:01"]
[BlackClock "0:00:06"]

1. e4 c6 2. d4 d6 3. c4 g6 4. Nc3 Bg7 5. f4 Nf6 6. Nf3 O-O 7. e5 Nfd7 8. Bd3 c5 9. exd6 exd6 10. d5 Na6 11. O-O Nc7 12. f5 b5 13. Bg5 Bf6 14. Bh6 Re8 15. Ne4 bxc4 16. Bc2 Bxb2 17. Rb1 Bg7 18. Bxg7 Kxg7 19. Nxd6 Re3 20. Nxc4 Rc3 21. fxg6 hxg6 22. Nce5 Nf6 23. d6 Ncd5 24. Ng5 Qxd6 25. Ngxf7 Qe7 26. Bxg6 Ne3 27. Qd2 Ra3 28. Rf3 Neg4 29. Rxa3 Nxe5 30. Qh6+ 1-0


[Site "https://www.chess.com"]

[Event "Titled Tuesday Blitz January 31 Early 2023"]
[White "Lauridsen, Jesper Morch"]
[Black "Skvortsov, Andrei"]
[WhiteFideId "1401890"]
[BlackFideId "24108600"]
[WhiteElo "2309"]
[BlackElo "2313"]
[Result "1/2-1/2"]
[Round "01"]
[TimeControl "180+2"]
[Date "2023.01.31"]
[WhiteClock "0:01:36"]
[BlackClock "0:02:36"]

1. e4 c5 2. Nf3 d6 3. d4 Nf6 4. Nc3 cxd4 5. Nxd4 g6 6. Be3 Bg7 7. Be2 O-O 8. O-O d5 9. exd5 Nxd5 10. Nxd5 Qxd5 11. Bf3 Qa5 12. Nb3 Qc7 13. Qe2 Bxb2 14. Rab1 Bg7 15. Nc5 Nc6 16. Rfd1 b6 17. Na6 Bxa6 18. Qxa6 Rad8 19. Bxc6 Qxc6 20. Qxa7 Qxc2 21. Rf1 b5 22. Qxe7 Qxa2 23. Rxb5 1/2-1/2


[Site "https://www.chess.com"]

[Event "Titled Tuesday Blitz January 31 Early 2023"]
[White "Cueto, Jonny"]
[Black "Fiorito, Joaquin"]
[WhiteFideId "3300145"]
[BlackFideId "180173"]
[WhiteElo "2122"]
[BlackElo "2405"]
[Result "1/2-1/2"]
[Round "01"]
[TimeControl "180+2"]
[Date "2023.01.31"]
[WhiteClock "0:01:40"]
[BlackClock "0:00:49"]

1. d4 Nf6 2. Bf4 d5 3. e3 c5 4. Nf3 Nc6 5. Nbd2 cxd4 6. exd4 a6 7. c3 Bf5 8. Ne5 Rc8 9. Ndf3 e6 10. Bd3 Bxd3 11. Qxd3 Be7 12. O-O O-O 13. h3 Ne4 14. Nd2 Nxd2 15. Qxd2 Bf6 16. Rfe1 Nxe5 17. Bxe5 Bxe5 18. Rxe5 b5 19. Rae1 a5 20. Rh5 Qb6 21. Qf4 Qd8 22. Re3 Qe7 23. Rg3 f5 24. Qh6 1/2-1/2


[Site "https://www.chess.com"]

[Event "Titled Tuesday Blitz January 31 Early 2023"]
[White "Belozerov, Andrei"]
[Black "Szente Varga, Fruzsina"]
[WhiteFideId "4120213"]
[BlackFideId "712264"]
[WhiteElo "2461"]
[BlackElo "2075"]
[Result "1-0"]
[Round "01"]
[TimeControl "180+2"]
[Date "2023.01.31"]
[WhiteClock "0:00:02"]
[BlackClock "0:00:01"]

1. e4 Nf6 2. e5 Nd5 3. d4 d6 4. c4 Nb6 5. f4 g6 6. Nc3 Bg7 7. Be3 O-O 8. Be2 dxe5 9. fxe5 Nc6 10. Nf3 Bg4 11. O-O Qd7 12. Qd2 Rad8 13. Rad1 Bxf3 14. Rxf3 e6 15. Qe1 Qe7 16. Ne4 Qb4 17. Qxb4 Nxb4 18. Bg5 Rd7 19. Nc5 Rfd8 20. Bxd8 Rxd8 21. Nxb7 Rb8 22. Nc5 Nxa2 23. Ra1 Nb4 24. Rxa7 Nc6 25. Rd3 Rd8 26. Rxc7 Nxd4 27. Kf1 Bxe5 28. Rb7 Nxc4 29. b4 Nd6 30. Rb6 N6f5 31. g4 Ne7 32. Nb7 Ra8 33. Na5 Nd5 34. Rb7 Rc8 35. b5 Rc1+ 36. Kf2 Nf4 37. Rd2 Nfxe2 38. Rxe2 Nxe2 39. Kxe2 Rb1 40. Nc6 Kg7 41. Nxe5 Kf6 42. Nf3 Rb2+ 43. Ke3 e5 44. g5+ Kf5 45. Rxf7+ Kg4 46. Rf6 Rxb5 47. h4 Rb3+ 48. Ke4 Ra3 49. Rf7 Rb3 50. Nxe5+ Kxh4 51. Rxh7+ Kxg5 52. Rd7 Rb4+ 53. Ke3 Rb3+ 54. Nd3 Kf5 55. Rd5+ Kf6 56. Ra5 g5 57. Ke4 Rb1 58. Ra6+ Kg7 59. Ne5 Re1+ 60. Kf5 Rg1 61. Ra7+ Kf8 62. Ke6 Re1 63. Kf6 Rf1+ 64. Kg6 Ke8 65. Ng4 Kd8 66. Nf6 Kc8 67. Re7 g4 68. Nxg4 Kd8 69. Re4 Rg1 70. Kf5 Kd7 71. Nf6+ Kd6 72. Re6+ Kc5 73. Re2 Rf1+ 74. Ke5 Rd1 75. Rc2+ Kb6 76. Nd5+ Kb5 77. Kd6 Rd4 78. Rc5+ Ka4 79. Rc8 Kb3 80. Ke5 Rd1 81. Rb8+ Ka4 82. Kd6 Ka5 83. Rb2 Ka4 84. Ke5 Re1+ 85. Kd4 Ka3 86. Rb8 Rd1+ 87. Kc4 Rc1+ 88. Nc3 Rxc3+ 89. Kxc3 Ka2 90. Rb7 Ka3 91. Ra7# 1-0


[Site "https://www.chess.com"]

[Event "Titled Tuesday Blitz January 31 Early 2023"]
[White "Kononenko, Dmitry"]
[Black "Dylag, Emilia"]
[WhiteFideId "14113538"]
[BlackFideId "21805172"]
[WhiteElo "2256"]
[BlackElo "2095"]
[Result "1-0"]
[Round "01"]
[TimeControl "180+2"]
[Date "2023.01.31"]
[WhiteClock "0:01:58"]
[BlackClock "0:01:29"]

1. e4 e5 2. Nf3 Nc6 3. d4 exd4 4. Nxd4 Nf6 5. Nc3 Bb4 6. Nxc6 bxc6 7. Bd3 d5 8. O-O O-O 9. Bd2 Bg4 10. Qc1 Re8 11. Nxd5 Nxd5 12. exd5 Qxd5 13. Bxb4 c5 14. Bc3 c4 15. Qf4 Be6 16. Be4 1-0


[Site "https://www.chess.com"]

[Event "Titled Tuesday Blitz January 31 Early 2023"]
[White "Zaichenko, Daria"]
[Black "Royal, Shreyas"]
[WhiteFideId "4197453"]
[BlackFideId "448869"]
[WhiteElo "2104"]
[BlackElo "2438"]
[Result "1/2-1/2"]
[Round "01"]
[TimeControl "180+2"]
[Date "2023.01.31"]
[WhiteClock "0:00:05"]
[BlackClock "0:00:09"]

1. e4 c5 2. Nf3 d6 3. d4 cxd4 4. Nxd4 Nf6 5. Nc3 a6 6. Be2 e5 7. Nb3 Be6 8. O-O Be7 9. Be3 O-O 10. Kh1 Nc6 11. f4 exf4 12. Bxf4 d5 13. exd5 Nxd5 14. Nxd5 Bxd5 15. Bd3 Bf6 16. Bc7 Qxc7 17. Rxf6 Qe5 18. Rf5 Bxg2+ 19. Kxg2 Qe6 20. Qg4 g6 21. Nc5 Qe7 22. Ne4 Kh8 23. Nf6 gxf5 24. Qxf5 Rg8+ 25. Nxg8 Rxg8+ 26. Kh1 Rg6 27. Qc8+ Rg8 28. Qf5 f6 29. Rf1 Rf8 30. Rf4 Ne5 31. Be4 Ng6 32. Rf3 Nh4 33. Qf4 Nxf3 34. Bxf3 Rg8 35. Be4 Qg7 36. Qf2 Qg5 37. h4 Qh6 38. Bf5 Rd8 39. Bd3 f5 40. Qxf5 Qxh4+ 41. Kg2 Rg8+ 42. Kf1 Qh1+ 43. Ke2 Rg2+ 44. Ke3 Qe1+ 45. Kd4 Qf2+ 46. Qxf2 Rxf2 47. Kc5 h5 48. Kb6 Rf7 49. Be4 h4 50. c4 h3 51. b4 h2 52. a4 Re7 53. Bd5 Kg7 54. c5 Kf6 55. b5 axb5 56. axb5 Ke5 57. Bh1 Kd4 58. c6 bxc6 59. bxc6 Re1 60. Bf3 Rb1+ 61. Kc7 Ke5 62. Kd7 h1=Q 63. Bxh1 Rxh1 64. c7 Rd1+ 65. Ke7 Rc1 66. Kd7 Rd1+ 67. Ke7 Rc1 68. Kd7 Rxc7+ 69. Kxc7 1/2-1/2


[Site "https://www.chess.com"]

[Event "Titled Tuesday Blitz January 31 Early 2023"]
[White "Lakshmi C"]
[Black "Domingo Nunez, Alejandro"]
[WhiteFideId "25035347"]
[BlackFideId "22245561"]
[WhiteElo "1928"]
[BlackElo "2338"]
[Result "0-1"]
[Round "01"]
[TimeControl "180+2"]
[Date "2023.01.31"]
[WhiteClock "0:00:05"]
[BlackClock "0:00:55"]

1. e4 g6 2. d4 Bg7 3. f4 c6 4. Nf3 d5 5. e5 f6 6. Bd3 Nh6 7. O-O O-O 8. Re1 Bg4 9. Be3 fxe5 10. fxe5 Nf5 11. Bf2 Qb6 12. Nbd2 Bh6 13. Nb3 a5 14. a4 Nd7 15. c3 Bxf3 16. gxf3 Bf4 17. Rb1 e6 18. Nd2 Qd8 19. Nf1 Qg5+ 20. Kh1 Qh6 21. b4 axb4 22. Rxb4 b6 23. Re2 Qh3 24. Rc2 Rf7 25. Kg1 Raf8 26. Be2 Rg7 27. a5 bxa5 28. Rb7 g5 29. Kh1 h5 30. Rc7 g4 31. fxg4 hxg4 32. Qd3 g3 0-1


[Site "https://www.chess.com"]

[Event "Titled Tuesday Blitz January 31 Early 2023"]
[White "Garrido, Denis"]
[Black "Chylewski, Patryk"]
[WhiteFideId "601217"]
[BlackFideId "1186191"]
[WhiteElo "2205"]
[BlackElo "2281"]
[Result "1-0"]
[Round "01"]
[TimeControl "180+2"]
[Date "2023.01.31"]
[WhiteClock "0:00:35"]
[BlackClock "0:00:02"]

1. e4 c5 2. Nf3 e6 3. d4 cxd4 4. Nxd4 Nc6 5. Nc3 Qc7 6. Qd3 a6 7. Nxc6 dxc6 8. Qg3 e5 9. Bc4 Ne7 10. O-O Ng6 11. f4 exf4 12. Bxf4 Nxf4 13. Rxf4 f6 14. e5 fxe5 15. Rf7 Qd6 16. Kh1 Bd7 17. Rd1 O-O-O 18. Rxd6 Bxd6 19. Ne4 Bc7 20. Rxg7 Bf5 21. Nc3 Rhf8 22. h3 Bxc2 23. Rxc7+ Kxc7 24. Qxe5+ Kb6 25. Qe3+ Kc7 26. Qe7+ Kb6 27. Na4+ Ka7 28. Qc5+ Kb8 29. Nb6 1-0


[Site "https://www.chess.com"]

[Event "Titled Tuesday Blitz January 31 Early 2023"]
[White "Lucassen, Mickey"]
[Black "Liang, Justin"]
[WhiteFideId "12919110"]
[BlackFideId "2099942"]
[WhiteElo "2023"]
[BlackElo "2052"]
[Result "1-0"]
[Round "01"]
[TimeControl "180+2"]
[Date "2023.01.31"]
[WhiteClock "0:00:21"]
[BlackClock "0:00:10"]

1. d4 Nf6 2. Nc3 d5 3. Bf4 e6 4. Nb5 Bd6 5. Nxd6+ cxd6 6. Nf3 Nc6 7. c3 O-O 8. e3 Ne4 9. Bd3 f5 10. O-O Qe7 11. b4 Nxc3 12. Qb3 Ne4 13. b5 Na5 14. Qa3 Nc4 15. Bxc4 dxc4 16. Qb4 c3 17. a4 g5 18. Nxg5 Nxg5 19. Bxd6 Qg7 20. Bxf8 Qxf8 21. Qxc3 Ne4 22. Qc7 Qf7 23. Qd8+ Qf8 24. Qc7 Qd6 25. Qxd6 Nxd6 26. Rac1 Bd7 27. Rc7 Rd8 28. Rfc1 Kf7 29. a5 Ke8 30. b6 a6 31. f3 Rc8 32. Rxc8+ Bxc8 33. Rc7 Bd7 34. e4 fxe4 35. fxe4 Bc6 36. e5 Nc4 37. Rxh7 Nxa5 38. g4 Nc4 39. g5 Be4 40. Rh8+ Kf7 41. h4 a5 42. h5 Ne3 43. Ra8 Nc4 44. Kf2 Bc2 45. g6+ Kg7 46. Kg3 a4 47. Kf4 Nxb6 48. Rb8 Kh6 49. Rxb7 Nd5+ 50. Kg4 Bd1+ 51. Kh4 Bxh5 52. g7 Kh7 53. Kxh5 a3 54. Ra7 Nb4 55. Rxa3 Kxg7 56. Rg3+ Kf7 57. Kh6 Nc6 58. Rg4 Ne7 59. Rf4+ Nf5+ 60. Rxf5+ exf5 61. Kg5 Ke6 62. Kf4 Kd5 63. Kxf5 Kxd4 64. e6 1-0


[Site "https://www.chess.com"]